Workbook

Sheet Calculator
A1: Old vs new tax regime, FY 2026-27. Yellow inputs are yours. Other numbers are formulas.
A2: Gross income | B2: 1800000
A3: Salaried (1 = yes) | B3: 1
A4: Resident (1 = yes) | B4: 1
A5: Age (0 under 60, 1 senior, 2 age 80+) | B5: 0
A6: Section 123 (was 80C) | B6: 150000
A7: Section 126 (was 80D), combined ceiling | B7: 25000
A8: Section 124(3) (was 80CCD(1B)) | B8: 50000
A9: Section 22(1)(b) home-loan interest | B9: 0
A10: HRA exemption | B10: 120000
A11: Other old-regime deductions | B11: 0
A12: Employer NPS contributed | B12: 0
A13: Basic pay plus DA | B13: 0
... A15: Professional tax paid | B15: 0
C19: New regime | D19: Old regime
A20: Standard deduction | C20: =IF(B3=1,Rates!B2,0) -> 75000 | D20: =IF(B3=1,Rates!B3,0) -> 50000
A21: Employer NPS allowed | C21: =IF(OR(B3<>1,B12<=0,B13<=0),0,MIN(B12,B13*Rates!B14)) -> 0 | D21: =IF(OR(B3<>1,B12<=0,B13<=0),0,MIN(B12,B13*IF(B14=1,Rates!B14,Rates!B15))) -> 0
A22: Itemised deductions | C22: =0 -> 0 | D22: =MIN(MAX(0,B6),Rates!B9)+MIN(MAX(0,B7),Rates!B10)+MIN(MAX(0,B8),Rates!B11)+MIN(MAX(0,B9),Rates!B12)+MAX(0,B10)+MAX(0,B11) -> 345000
A23: Professional tax allowed | C23: =0 -> 0 | D23: =MIN(Rates!B13,MAX(0,B15)) -> 0
A24: Taxable income | C24: =MAX(0,B2-C20-C21) -> 1725000 | D24: =MAX(0,B2-D20-D21-D22-D23) -> 1405000
A25: Slab tax | C25: =MAX(0,C24-Rates!B16)*Rates!B35+MAX(0,C24-Rates!B17)*Rates!B35+MAX(0,C24-Rates!B18)*Rates!B35+MAX(0,C24-Rates!B19)*Rates!B35+MAX(0,C24-Rates!B20)*Rates!B35+MAX(0,C24-Rates!B21)*Rates!B35 -> 145000 | D25: =IF(OR(B4<>1,B5=0),MAX(0,D24-Rates!B22)*Rates!B36+MAX(0,D24-Rates!B23)*Rates!B37+MAX(0,D24-Rates!B24)*Rates!B38,IF(B5=1,MAX(0,D24-Rates!B25)*Rates!B36+MAX(0,D24-Rates!B23)*Rates!B37+MAX(0,D24-Rates!B24)*Rates!B38,MAX(0,D24-Rates!B26)*Rates!B39+MAX(0,D24-Rates!B24)*Rates!B38)) -> 234000
A26: Rebate | C26: =IF(OR(B4<>1,C25<=0),0,IF(C24<=Rates!B4,MIN(C25,Rates!B5),IF(C25>C24-Rates!B4,C25-(C24-Rates!B4),0))) -> 0 | D26: =IF(AND(B4=1,D24<=Rates!B6),MIN(D25,Rates!B7),0) -> 0
A27: Tax after rebate | C27: =MAX(0,C25-C26) -> 145000 | D27: =MAX(0,D25-D26) -> 234000
A28: Surcharge rate | C28: =IF(C24>Rates!B29,Rates!B33,IF(C24>Rates!B28,Rates!B32,IF(C24>Rates!B27,Rates!B31,0))) -> 0 | D28: =IF(D24>Rates!B30,Rates!B34,IF(D24>Rates!B29,Rates!B33,IF(D24>Rates!B28,Rates!B32,IF(D24>Rates!B27,Rates!B31,0)))) -> 0
A29: Surcharge threshold | C29: =IF(C24>Rates!B29,Rates!B29,IF(C24>Rates!B28,Rates!B28,IF(C24>Rates!B27,Rates!B27,0))) -> 0 | D29: =IF(D24>Rates!B30,Rates!B30,IF(D24>Rates!B29,Rates!B29,IF(D24>Rates!B28,Rates!B28,IF(D24>Rates!B27,Rates!B27,0)))) -> 0
A30: Tax at threshold | C30: =IF(C24>Rates!B29,Anchors!D5,IF(C24>Rates!B28,Anchors!C5,IF(C24>Rates!B27,Anchors!B5,0))) -> 0 | D30: =IF(OR(B4<>1,B5=0),IF(D24>Rates!B30,Anchors!E12,IF(D24>Rates!B29,Anchors!D12,IF(D24>Rates!B28,Anchors!C12,IF(D24>Rates!B27,Anchors!B12,0)))),IF(B5=1,IF(D24>Rates!B30,Anchors!E18,IF(D24>Rates!B29,Anchors!D18,IF(D24>Rates!B28,Anchors!C18,IF(D24>Rates!B27,Anchors!B18,0)))),IF(D24>Rates!B30,Anchors!E24,IF(D24>Rates!B29,Anchors!D24,IF(D24>Rates!B28,Anchors!C24,IF(D24>Rates!B27,Anchors!B24,0)))))) -> 0
A31: Surcharge at threshold | C31: =IF(C24>Rates!B29,Anchors!D6,IF(C24>Rates!B28,Anchors!C6,IF(C24>Rates!B27,Anchors!B6,0))) -> 0 | D31: =IF(OR(B4<>1,B5=0),IF(D24>Rates!B30,Anchors!E13,IF(D24>Rates!B29,Anchors!D13,IF(D24>Rates!B28,Anchors!C13,IF(D24>Rates!B27,Anchors!B13,0)))),IF(B5=1,IF(D24>Rates!B30,Anchors!E19,IF(D24>Rates!B29,Anchors!D19,IF(D24>Rates!B28,Anchors!C19,IF(D24>Rates!B27,Anchors!B19,0)))),IF(D24>Rates!B30,Anchors!E25,IF(D24>Rates!B29,Anchors!D25,IF(D24>Rates!B28,Anchors!C25,IF(D24>Rates!B27,Anchors!B25,0)))))) -> 0
A32: Surcharge | C32: =IF(OR(C28=0,C27<=0),0,IF(C27+C27*C28>C30+C31+C24-C29,MAX(0,C30+C31+C24-C29-C27),C27*C28)) -> 0 | D32: =IF(OR(D28=0,D27<=0),0,IF(D27+D27*D28>D30+D31+D24-D29,MAX(0,D30+D31+D24-D29-D27),D27*D28)) -> 0
A33: Cess | C33: =(C27+C32)*Rates!B8 -> 5800 | D33: =(D27+D32)*Rates!B8 -> 9360
A34: Total tax | C34: =ROUND(C27,0)+ROUND(C32,0)+ROUND(C33,0) -> 150800 | D34: =ROUND(D27,0)+ROUND(D32,0)+ROUND(D33,0) -> 243360

Sheet Breakeven
A1: Salary | B1: New taxable | C1: New slab tax | D1: New rebate | E1: New tax after rebate | F1: New cess | G1: New total tax | H1: Breakeven old-regime deductions | I1: Old taxable at that deduction | J1: Old slab tax | K1: Old rebate | L1: Old tax after rebate | M1: Old cess | N1: Old total tax
A2: 700000 | B2: =MAX(0,A2-Rates!B2) -> 625000 | C2: =MAX(0,B2-Rates!B16)*Rates!B35+MAX(0,B2-Rates!B17)*Rates!B35+MAX(0,B2-Rates!B18)*Rates!B35+MAX(0,B2-Rates!B19)*Rates!B35+MAX(0,B2-Rates!B20)*Rates!B35+MAX(0,B2-Rates!B21)*Rates!B35 -> 11250 | D2: =IF(OR(1<>1,C2<=0),0,IF(B2<=Rates!B4,MIN(C2,Rates!B5),IF(C2>B2-Rates!B4,C2-(B2-Rates!B4),0))) -> 11250 | E2: =MAX(0,C2-D2) -> 0 | F2: =E2*Rates!B8 -> 0 | G2: =ROUND(E2,0)+ROUND(F2,0) -> 0 | H2: 150000 | I2: =MAX(0,A2-Rates!B3-H2) -> 500000 | J2: =MAX(0,I2-Rates!B22)*Rates!B36+MAX(0,I2-Rates!B23)*Rates!B37+MAX(0,I2-Rates!B24)*Rates!B38 -> 12500 | K2: =IF(AND(1=1,I2<=Rates!B6),MIN(J2,Rates!B7),0) -> 12500 | L2: =MAX(0,J2-K2) -> 0 | M2: =L2*Rates!B8 -> 0 | N2: =ROUND(L2,0)+ROUND(M2,0) -> 0
A3: 800000 | B3: =MAX(0,A3-Rates!B2) -> 725000 | C3: =MAX(0,B3-Rates!B16)*Rates!B35+MAX(0,B3-Rates!B17)*Rates!B35+MAX(0,B3-Rates!B18)*Rates!B35+MAX(0,B3-Rates!B19)*Rates!B35+MAX(0,B3-Rates!B20)*Rates!B35+MAX(0,B3-Rates!B21)*Rates!B35 -> 16250 | D3: =IF(OR(1<>1,C3<=0),0,IF(B3<=Rates!B4,MIN(C3,Rates!B5),IF(C3>B3-Rates!B4,C3-(B3-Rates!B4),0))) -> 16250 | E3: =MAX(0,C3-D3) -> 0 | F3: =E3*Rates!B8 -> 0 | G3: =ROUND(E3,0)+ROUND(F3,0) -> 0 | H3: 250000 | I3: =MAX(0,A3-Rates!B3-H3) -> 500000 | J3: =MAX(0,I3-Rates!B22)*Rates!B36+MAX(0,I3-Rates!B23)*Rates!B37+MAX(0,I3-Rates!B24)*Rates!B38 -> 12500 | K3: =IF(AND(1=1,I3<=Rates!B6),MIN(J3,Rates!B7),0) -> 12500 | L3: =MAX(0,J3-K3) -> 0 | M3: =L3*Rates!B8 -> 0 | N3: =ROUND(L3,0)+ROUND(M3,0) -> 0
A4: 900000 | B4: =MAX(0,A4-Rates!B2) -> 825000 | C4: =MAX(0,B4-Rates!B16)*Rates!B35+MAX(0,B4-Rates!B17)*Rates!B35+MAX(0,B4-Rates!B18)*Rates!B35+MAX(0,B4-Rates!B19)*Rates!B35+MAX(0,B4-Rates!B20)*Rates!B35+MAX(0,B4-Rates!B21)*Rates!B35 -> 22500 | D4: =IF(OR(1<>1,C4<=0),0,IF(B4<=Rates!B4,MIN(C4,Rates!B5),IF(C4>B4-Rates!B4,C4-(B4-Rates!B4),0))) -> 22500 | E4: =MAX(0,C4-D4) -> 0 | F4: =E4*Rates!B8 -> 0 | G4: =ROUND(E4,0)+ROUND(F4,0) -> 0 | H4: 350000 | I4: =MAX(0,A4-Rates!B3-H4) -> 500000 | J4: =MAX(0,I4-Rates!B22)*Rates!B36+MAX(0,I4-Rates!B23)*Rates!B37+MAX(0,I4-Rates!B24)*Rates!B38 -> 12500 | K4: =IF(AND(1=1,I4<=Rates!B6),MIN(J4,Rates!B7),0) -> 12500 | L4: =MAX(0,J4-K4) -> 0 | M4: =L4*Rates!B8 -> 0 | N4: =ROUND(L4,0)+ROUND(M4,0) -> 0
A5: 1000000 | B5: =MAX(0,A5-Rates!B2) -> 925000 | C5: =MAX(0,B5-Rates!B16)*Rates!B35+MAX(0,B5-Rates!B17)*Rates!B35+MAX(0,B5-Rates!B18)*Rates!B35+MAX(0,B5-Rates!B19)*Rates!B35+MAX(0,B5-Rates!B20)*Rates!B35+MAX(0,B5-Rates!B21)*Rates!B35 -> 32500 | D5: =IF(OR(1<>1,C5<=0),0,IF(B5<=Rates!B4,MIN(C5,Rates!B5),IF(C5>B5-Rates!B4,C5-(B5-Rates!B4),0))) -> 32500 | E5: =MAX(0,C5-D5) -> 0 | F5: =E5*Rates!B8 -> 0 | G5: =ROUND(E5,0)+ROUND(F5,0) -> 0 | H5: 450000 | I5: =MAX(0,A5-Rates!B3-H5) -> 500000 | J5: =MAX(0,I5-Rates!B22)*Rates!B36+MAX(0,I5-Rates!B23)*Rates!B37+MAX(0,I5-Rates!B24)*Rates!B38 -> 12500 | K5: =IF(AND(1=1,I5<=Rates!B6),MIN(J5,Rates!B7),0) -> 12500 | L5: =MAX(0,J5-K5) -> 0 | M5: =L5*Rates!B8 -> 0 | N5: =ROUND(L5,0)+ROUND(M5,0) -> 0
A6: 1100000 | B6: =MAX(0,A6-Rates!B2) -> 1025000 | C6: =MAX(0,B6-Rates!B16)*Rates!B35+MAX(0,B6-Rates!B17)*Rates!B35+MAX(0,B6-Rates!B18)*Rates!B35+MAX(0,B6-Rates!B19)*Rates!B35+MAX(0,B6-Rates!B20)*Rates!B35+MAX(0,B6-Rates!B21)*Rates!B35 -> 42500 | D6: =IF(OR(1<>1,C6<=0),0,IF(B6<=Rates!B4,MIN(C6,Rates!B5),IF(C6>B6-Rates!B4,C6-(B6-Rates!B4),0))) -> 42500 | E6: =MAX(0,C6-D6) -> 0 | F6: =E6*Rates!B8 -> 0 | G6: =ROUND(E6,0)+ROUND(F6,0) -> 0 | H6: 550000 | I6: =MAX(0,A6-Rates!B3-H6) -> 500000 | J6: =MAX(0,I6-Rates!B22)*Rates!B36+MAX(0,I6-Rates!B23)*Rates!B37+MAX(0,I6-Rates!B24)*Rates!B38 -> 12500 | K6: =IF(AND(1=1,I6<=Rates!B6),MIN(J6,Rates!B7),0) -> 12500 | L6: =MAX(0,J6-K6) -> 0 | M6: =L6*Rates!B8 -> 0 | N6: =ROUND(L6,0)+ROUND(M6,0) -> 0
A7: 1200000 | B7: =MAX(0,A7-Rates!B2) -> 1125000 | C7: =MAX(0,B7-Rates!B16)*Rates!B35+MAX(0,B7-Rates!B17)*Rates!B35+MAX(0,B7-Rates!B18)*Rates!B35+MAX(0,B7-Rates!B19)*Rates!B35+MAX(0,B7-Rates!B20)*Rates!B35+MAX(0,B7-Rates!B21)*Rates!B35 -> 52500 | D7: =IF(OR(1<>1,C7<=0),0,IF(B7<=Rates!B4,MIN(C7,Rates!B5),IF(C7>B7-Rates!B4,C7-(B7-Rates!B4),0))) -> 52500 | E7: =MAX(0,C7-D7) -> 0 | F7: =E7*Rates!B8 -> 0 | G7: =ROUND(E7,0)+ROUND(F7,0) -> 0 | H7: 650000 | I7: =MAX(0,A7-Rates!B3-H7) -> 500000 | J7: =MAX(0,I7-Rates!B22)*Rates!B36+MAX(0,I7-Rates!B23)*Rates!B37+MAX(0,I7-Rates!B24)*Rates!B38 -> 12500 | K7: =IF(AND(1=1,I7<=Rates!B6),MIN(J7,Rates!B7),0) -> 12500 | L7: =MAX(0,J7-K7) -> 0 | M7: =L7*Rates!B8 -> 0 | N7: =ROUND(L7,0)+ROUND(M7,0) -> 0
A8: 1300000 | B8: =MAX(0,A8-Rates!B2) -> 1225000 | C8: =MAX(0,B8-Rates!B16)*Rates!B35+MAX(0,B8-Rates!B17)*Rates!B35+MAX(0,B8-Rates!B18)*Rates!B35+MAX(0,B8-Rates!B19)*Rates!B35+MAX(0,B8-Rates!B20)*Rates!B35+MAX(0,B8-Rates!B21)*Rates!B35 -> 63750 | D8: =IF(OR(1<>1,C8<=0),0,IF(B8<=Rates!B4,MIN(C8,Rates!B5),IF(C8>B8-Rates!B4,C8-(B8-Rates!B4),0))) -> 38750 | E8: =MAX(0,C8-D8) -> 25000 | F8: =E8*Rates!B8 -> 1000 | G8: =ROUND(E8,0)+ROUND(F8,0) -> 26000 | H8: 687498 | I8: =MAX(0,A8-Rates!B3-H8) -> 562502 | J8: =MAX(0,I8-Rates!B22)*Rates!B36+MAX(0,I8-Rates!B23)*Rates!B37+MAX(0,I8-Rates!B24)*Rates!B38 -> 25000.4 | K8: =IF(AND(1=1,I8<=Rates!B6),MIN(J8,Rates!B7),0) -> 0 | L8: =MAX(0,J8-K8) -> 25000.4 | M8: =L8*Rates!B8 -> 1000.016 | N8: =ROUND(L8,0)+ROUND(M8,0) -> 26000
A9: 1400000 | B9: =MAX(0,A9-Rates!B2) -> 1325000 | C9: =MAX(0,B9-Rates!B16)*Rates!B35+MAX(0,B9-Rates!B17)*Rates!B35+MAX(0,B9-Rates!B18)*Rates!B35+MAX(0,B9-Rates!B19)*Rates!B35+MAX(0,B9-Rates!B20)*Rates!B35+MAX(0,B9-Rates!B21)*Rates!B35 -> 78750 | D9: =IF(OR(1<>1,C9<=0),0,IF(B9<=Rates!B4,MIN(C9,Rates!B5),IF(C9>B9-Rates!B4,C9-(B9-Rates!B4),0))) -> 0 | E9: =MAX(0,C9-D9) -> 78750 | F9: =E9*Rates!B8 -> 3150 | G9: =ROUND(E9,0)+ROUND(F9,0) -> 81900 | H9: 518748 | I9: =MAX(0,A9-Rates!B3-H9) -> 831252 | J9: =MAX(0,I9-Rates!B22)*Rates!B36+MAX(0,I9-Rates!B23)*Rates!B37+MAX(0,I9-Rates!B24)*Rates!B38 -> 78750.4 | K9: =IF(AND(1=1,I9<=Rates!B6),MIN(J9,Rates!B7),0) -> 0 | L9: =MAX(0,J9-K9) -> 78750.4 | M9: =L9*Rates!B8 -> 3150.016 | N9: =ROUND(L9,0)+ROUND(M9,0) -> 81900
A10: 1500000 | B10: =MAX(0,A10-Rates!B2) -> 1425000 | C10: =MAX(0,B10-Rates!B16)*Rates!B35+MAX(0,B10-Rates!B17)*Rates!B35+MAX(0,B10-Rates!B18)*Rates!B35+MAX(0,B10-Rates!B19)*Rates!B35+MAX(0,B10-Rates!B20)*Rates!B35+MAX(0,B10-Rates!B21)*Rates!B35 -> 93750 | D10: =IF(OR(1<>1,C10<=0),0,IF(B10<=Rates!B4,MIN(C10,Rates!B5),IF(C10>B10-Rates!B4,C10-(B10-Rates!B4),0))) -> 0 | E10: =MAX(0,C10-D10) -> 93750 | F10: =E10*Rates!B8 -> 3750 | G10: =ROUND(E10,0)+ROUND(F10,0) -> 97500 | H10: 543748 | I10: =MAX(0,A10-Rates!B3-H10) -> 906252 | J10: =MAX(0,I10-Rates!B22)*Rates!B36+MAX(0,I10-Rates!B23)*Rates!B37+MAX(0,I10-Rates!B24)*Rates!B38 -> 93750.4 | K10: =IF(AND(1=1,I10<=Rates!B6),MIN(J10,Rates!B7),0) -> 0 | L10: =MAX(0,J10-K10) -> 93750.4 | M10: =L10*Rates!B8 -> 3750.016 | N10: =ROUND(L10,0)+ROUND(M10,0) -> 97500
A11: 1600000 | B11: =MAX(0,A11-Rates!B2) -> 1525000 | C11: =MAX(0,B11-Rates!B16)*Rates!B35+MAX(0,B11-Rates!B17)*Rates!B35+MAX(0,B11-Rates!B18)*Rates!B35+MAX(0,B11-Rates!B19)*Rates!B35+MAX(0,B11-Rates!B20)*Rates!B35+MAX(0,B11-Rates!B21)*Rates!B35 -> 108750 | D11: =IF(OR(1<>1,C11<=0),0,IF(B11<=Rates!B4,MIN(C11,Rates!B5),IF(C11>B11-Rates!B4,C11-(B11-Rates!B4),0))) -> 0 | E11: =MAX(0,C11-D11) -> 108750 | F11: =E11*Rates!B8 -> 4350 | G11: =ROUND(E11,0)+ROUND(F11,0) -> 113100 | H11: 568748 | I11: =MAX(0,A11-Rates!B3-H11) -> 981252 | J11: =MAX(0,I11-Rates!B22)*Rates!B36+MAX(0,I11-Rates!B23)*Rates!B37+MAX(0,I11-Rates!B24)*Rates!B38 -> 108750.4 | K11: =IF(AND(1=1,I11<=Rates!B6),MIN(J11,Rates!B7),0) -> 0 | L11: =MAX(0,J11-K11) -> 108750.4 | M11: =L11*Rates!B8 -> 4350.016 | N11: =ROUND(L11,0)+ROUND(M11,0) -> 113100
A12: 1700000 | B12: =MAX(0,A12-Rates!B2) -> 1625000 | C12: =MAX(0,B12-Rates!B16)*Rates!B35+MAX(0,B12-Rates!B17)*Rates!B35+MAX(0,B12-Rates!B18)*Rates!B35+MAX(0,B12-Rates!B19)*Rates!B35+MAX(0,B12-Rates!B20)*Rates!B35+MAX(0,B12-Rates!B21)*Rates!B35 -> 125000 | D12: =IF(OR(1<>1,C12<=0),0,IF(B12<=Rates!B4,MIN(C12,Rates!B5),IF(C12>B12-Rates!B4,C12-(B12-Rates!B4),0))) -> 0 | E12: =MAX(0,C12-D12) -> 125000 | F12: =E12*Rates!B8 -> 5000 | G12: =ROUND(E12,0)+ROUND(F12,0) -> 130000 | H12: 608332 | I12: =MAX(0,A12-Rates!B3-H12) -> 1041668 | J12: =MAX(0,I12-Rates!B22)*Rates!B36+MAX(0,I12-Rates!B23)*Rates!B37+MAX(0,I12-Rates!B24)*Rates!B38 -> 125000.4 | K12: =IF(AND(1=1,I12<=Rates!B6),MIN(J12,Rates!B7),0) -> 0 | L12: =MAX(0,J12-K12) -> 125000.4 | M12: =L12*Rates!B8 -> 5000.016 | N12: =ROUND(L12,0)+ROUND(M12,0) -> 130000
A13: 1800000 | B13: =MAX(0,A13-Rates!B2) -> 1725000 | C13: =MAX(0,B13-Rates!B16)*Rates!B35+MAX(0,B13-Rates!B17)*Rates!B35+MAX(0,B13-Rates!B18)*Rates!B35+MAX(0,B13-Rates!B19)*Rates!B35+MAX(0,B13-Rates!B20)*Rates!B35+MAX(0,B13-Rates!B21)*Rates!B35 -> 145000 | D13: =IF(OR(1<>1,C13<=0),0,IF(B13<=Rates!B4,MIN(C13,Rates!B5),IF(C13>B13-Rates!B4,C13-(B13-Rates!B4),0))) -> 0 | E13: =MAX(0,C13-D13) -> 145000 | F13: =E13*Rates!B8 -> 5800 | G13: =ROUND(E13,0)+ROUND(F13,0) -> 150800 | H13: 641666 | I13: =MAX(0,A13-Rates!B3-H13) -> 1108334 | J13: =MAX(0,I13-Rates!B22)*Rates!B36+MAX(0,I13-Rates!B23)*Rates!B37+MAX(0,I13-Rates!B24)*Rates!B38 -> 145000.2 | K13: =IF(AND(1=1,I13<=Rates!B6),MIN(J13,Rates!B7),0) -> 0 | L13: =MAX(0,J13-K13) -> 145000.2 | M13: =L13*Rates!B8 -> 5800.008 | N13: =ROUND(L13,0)+ROUND(M13,0) -> 150800
A14: 1900000 | B14: =MAX(0,A14-Rates!B2) -> 1825000 | C14: =MAX(0,B14-Rates!B16)*Rates!B35+MAX(0,B14-Rates!B17)*Rates!B35+MAX(0,B14-Rates!B18)*Rates!B35+MAX(0,B14-Rates!B19)*Rates!B35+MAX(0,B14-Rates!B20)*Rates!B35+MAX(0,B14-Rates!B21)*Rates!B35 -> 165000 | D14: =IF(OR(1<>1,C14<=0),0,IF(B14<=Rates!B4,MIN(C14,Rates!B5),IF(C14>B14-Rates!B4,C14-(B14-Rates!B4),0))) -> 0 | E14: =MAX(0,C14-D14) -> 165000 | F14: =E14*Rates!B8 -> 6600 | G14: =ROUND(E14,0)+ROUND(F14,0) -> 171600 | H14: 674999 | I14: =MAX(0,A14-Rates!B3-H14) -> 1175001 | J14: =MAX(0,I14-Rates!B22)*Rates!B36+MAX(0,I14-Rates!B23)*Rates!B37+MAX(0,I14-Rates!B24)*Rates!B38 -> 165000.3 | K14: =IF(AND(1=1,I14<=Rates!B6),MIN(J14,Rates!B7),0) -> 0 | L14: =MAX(0,J14-K14) -> 165000.3 | M14: =L14*Rates!B8 -> 6600.012 | N14: =ROUND(L14,0)+ROUND(M14,0) -> 171600
A15: 2000000 | B15: =MAX(0,A15-Rates!B2) -> 1925000 | C15: =MAX(0,B15-Rates!B16)*Rates!B35+MAX(0,B15-Rates!B17)*Rates!B35+MAX(0,B15-Rates!B18)*Rates!B35+MAX(0,B15-Rates!B19)*Rates!B35+MAX(0,B15-Rates!B20)*Rates!B35+MAX(0,B15-Rates!B21)*Rates!B35 -> 185000 | D15: =IF(OR(1<>1,C15<=0),0,IF(B15<=Rates!B4,MIN(C15,Rates!B5),IF(C15>B15-Rates!B4,C15-(B15-Rates!B4),0))) -> 0 | E15: =MAX(0,C15-D15) -> 185000 | F15: =E15*Rates!B8 -> 7400 | G15: =ROUND(E15,0)+ROUND(F15,0) -> 192400 | H15: 708332 | I15: =MAX(0,A15-Rates!B3-H15) -> 1241668 | J15: =MAX(0,I15-Rates!B22)*Rates!B36+MAX(0,I15-Rates!B23)*Rates!B37+MAX(0,I15-Rates!B24)*Rates!B38 -> 185000.4 | K15: =IF(AND(1=1,I15<=Rates!B6),MIN(J15,Rates!B7),0) -> 0 | L15: =MAX(0,J15-K15) -> 185000.4 | M15: =L15*Rates!B8 -> 7400.016 | N15: =ROUND(L15,0)+ROUND(M15,0) -> 192400
A16: 2100000 | B16: =MAX(0,A16-Rates!B2) -> 2025000 | C16: =MAX(0,B16-Rates!B16)*Rates!B35+MAX(0,B16-Rates!B17)*Rates!B35+MAX(0,B16-Rates!B18)*Rates!B35+MAX(0,B16-Rates!B19)*Rates!B35+MAX(0,B16-Rates!B20)*Rates!B35+MAX(0,B16-Rates!B21)*Rates!B35 -> 206250 | D16: =IF(OR(1<>1,C16<=0),0,IF(B16<=Rates!B4,MIN(C16,Rates!B5),IF(C16>B16-Rates!B4,C16-(B16-Rates!B4),0))) -> 0 | E16: =MAX(0,C16-D16) -> 206250 | F16: =E16*Rates!B8 -> 8250 | G16: =ROUND(E16,0)+ROUND(F16,0) -> 214500 | H16: 737499 | I16: =MAX(0,A16-Rates!B3-H16) -> 1312501 | J16: =MAX(0,I16-Rates!B22)*Rates!B36+MAX(0,I16-Rates!B23)*Rates!B37+MAX(0,I16-Rates!B24)*Rates!B38 -> 206250.3 | K16: =IF(AND(1=1,I16<=Rates!B6),MIN(J16,Rates!B7),0) -> 0 | L16: =MAX(0,J16-K16) -> 206250.3 | M16: =L16*Rates!B8 -> 8250.012 | N16: =ROUND(L16,0)+ROUND(M16,0) -> 214500
A17: 2200000 | B17: =MAX(0,A17-Rates!B2) -> 2125000 | C17: =MAX(0,B17-Rates!B16)*Rates!B35+MAX(0,B17-Rates!B17)*Rates!B35+MAX(0,B17-Rates!B18)*Rates!B35+MAX(0,B17-Rates!B19)*Rates!B35+MAX(0,B17-Rates!B20)*Rates!B35+MAX(0,B17-Rates!B21)*Rates!B35 -> 231250 | D17: =IF(OR(1<>1,C17<=0),0,IF(B17<=Rates!B4,MIN(C17,Rates!B5),IF(C17>B17-Rates!B4,C17-(B17-Rates!B4),0))) -> 0 | E17: =MAX(0,C17-D17) -> 231250 | F17: =E17*Rates!B8 -> 9250 | G17: =ROUND(E17,0)+ROUND(F17,0) -> 240500 | H17: 754166 | I17: =MAX(0,A17-Rates!B3-H17) -> 1395834 | J17: =MAX(0,I17-Rates!B22)*Rates!B36+MAX(0,I17-Rates!B23)*Rates!B37+MAX(0,I17-Rates!B24)*Rates!B38 -> 231250.2 | K17: =IF(AND(1=1,I17<=Rates!B6),MIN(J17,Rates!B7),0) -> 0 | L17: =MAX(0,J17-K17) -> 231250.2 | M17: =L17*Rates!B8 -> 9250.008 | N17: =ROUND(L17,0)+ROUND(M17,0) -> 240500
A18: 2300000 | B18: =MAX(0,A18-Rates!B2) -> 2225000 | C18: =MAX(0,B18-Rates!B16)*Rates!B35+MAX(0,B18-Rates!B17)*Rates!B35+MAX(0,B18-Rates!B18)*Rates!B35+MAX(0,B18-Rates!B19)*Rates!B35+MAX(0,B18-Rates!B20)*Rates!B35+MAX(0,B18-Rates!B21)*Rates!B35 -> 256250 | D18: =IF(OR(1<>1,C18<=0),0,IF(B18<=Rates!B4,MIN(C18,Rates!B5),IF(C18>B18-Rates!B4,C18-(B18-Rates!B4),0))) -> 0 | E18: =MAX(0,C18-D18) -> 256250 | F18: =E18*Rates!B8 -> 10250 | G18: =ROUND(E18,0)+ROUND(F18,0) -> 266500 | H18: 770832 | I18: =MAX(0,A18-Rates!B3-H18) -> 1479168 | J18: =MAX(0,I18-Rates!B22)*Rates!B36+MAX(0,I18-Rates!B23)*Rates!B37+MAX(0,I18-Rates!B24)*Rates!B38 -> 256250.4 | K18: =IF(AND(1=1,I18<=Rates!B6),MIN(J18,Rates!B7),0) -> 0 | L18: =MAX(0,J18-K18) -> 256250.4 | M18: =L18*Rates!B8 -> 10250.016 | N18: =ROUND(L18,0)+ROUND(M18,0) -> 266500
A19: 2400000 | B19: =MAX(0,A19-Rates!B2) -> 2325000 | C19: =MAX(0,B19-Rates!B16)*Rates!B35+MAX(0,B19-Rates!B17)*Rates!B35+MAX(0,B19-Rates!B18)*Rates!B35+MAX(0,B19-Rates!B19)*Rates!B35+MAX(0,B19-Rates!B20)*Rates!B35+MAX(0,B19-Rates!B21)*Rates!B35 -> 281250 | D19: =IF(OR(1<>1,C19<=0),0,IF(B19<=Rates!B4,MIN(C19,Rates!B5),IF(C19>B19-Rates!B4,C19-(B19-Rates!B4),0))) -> 0 | E19: =MAX(0,C19-D19) -> 281250 | F19: =E19*Rates!B8 -> 11250 | G19: =ROUND(E19,0)+ROUND(F19,0) -> 292500 | H19: 787499 | I19: =MAX(0,A19-Rates!B3-H19) -> 1562501 | J19: =MAX(0,I19-Rates!B22)*Rates!B36+MAX(0,I19-Rates!B23)*Rates!B37+MAX(0,I19-Rates!B24)*Rates!B38 -> 281250.3 | K19: =IF(AND(1=1,I19<=Rates!B6),MIN(J19,Rates!B7),0) -> 0 | L19: =MAX(0,J19-K19) -> 281250.3 | M19: =L19*Rates!B8 -> 11250.012 | N19: =ROUND(L19,0)+ROUND(M19,0) -> 292500
A20: 2500000 | B20: =MAX(0,A20-Rates!B2) -> 2425000 | C20: =MAX(0,B20-Rates!B16)*Rates!B35+MAX(0,B20-Rates!B17)*Rates!B35+MAX(0,B20-Rates!B18)*Rates!B35+MAX(0,B20-Rates!B19)*Rates!B35+MAX(0,B20-Rates!B20)*Rates!B35+MAX(0,B20-Rates!B21)*Rates!B35 -> 307500 | D20: =IF(OR(1<>1,C20<=0),0,IF(B20<=Rates!B4,MIN(C20,Rates!B5),IF(C20>B20-Rates!B4,C20-(B20-Rates!B4),0))) -> 0 | E20: =MAX(0,C20-D20) -> 307500 | F20: =E20*Rates!B8 -> 12300 | G20: =ROUND(E20,0)+ROUND(F20,0) -> 319800 | H20: 799999 | I20: =MAX(0,A20-Rates!B3-H20) -> 1650001 | J20: =MAX(0,I20-Rates!B22)*Rates!B36+MAX(0,I20-Rates!B23)*Rates!B37+MAX(0,I20-Rates!B24)*Rates!B38 -> 307500.3 | K20: =IF(AND(1=1,I20<=Rates!B6),MIN(J20,Rates!B7),0) -> 0 | L20: =MAX(0,J20-K20) -> 307500.3 | M20: =L20*Rates!B8 -> 12300.012 | N20: =ROUND(L20,0)+ROUND(M20,0) -> 319800
A21: 2600000 | B21: =MAX(0,A21-Rates!B2) -> 2525000 | C21: =MAX(0,B21-Rates!B16)*Rates!B35+MAX(0,B21-Rates!B17)*Rates!B35+MAX(0,B21-Rates!B18)*Rates!B35+MAX(0,B21-Rates!B19)*Rates!B35+MAX(0,B21-Rates!B20)*Rates!B35+MAX(0,B21-Rates!B21)*Rates!B35 -> 337500 | D21: =IF(OR(1<>1,C21<=0),0,IF(B21<=Rates!B4,MIN(C21,Rates!B5),IF(C21>B21-Rates!B4,C21-(B21-Rates!B4),0))) -> 0 | E21: =MAX(0,C21-D21) -> 337500 | F21: =E21*Rates!B8 -> 13500 | G21: =ROUND(E21,0)+ROUND(F21,0) -> 351000 | H21: 799999 | I21: =MAX(0,A21-Rates!B3-H21) -> 1750001 | J21: =MAX(0,I21-Rates!B22)*Rates!B36+MAX(0,I21-Rates!B23)*Rates!B37+MAX(0,I21-Rates!B24)*Rates!B38 -> 337500.3 | K21: =IF(AND(1=1,I21<=Rates!B6),MIN(J21,Rates!B7),0) -> 0 | L21: =MAX(0,J21-K21) -> 337500.3 | M21: =L21*Rates!B8 -> 13500.012 | N21: =ROUND(L21,0)+ROUND(M21,0) -> 351000
A22: 2700000 | B22: =MAX(0,A22-Rates!B2) -> 2625000 | C22: =MAX(0,B22-Rates!B16)*Rates!B35+MAX(0,B22-Rates!B17)*Rates!B35+MAX(0,B22-Rates!B18)*Rates!B35+MAX(0,B22-Rates!B19)*Rates!B35+MAX(0,B22-Rates!B20)*Rates!B35+MAX(0,B22-Rates!B21)*Rates!B35 -> 367500 | D22: =IF(OR(1<>1,C22<=0),0,IF(B22<=Rates!B4,MIN(C22,Rates!B5),IF(C22>B22-Rates!B4,C22-(B22-Rates!B4),0))) -> 0 | E22: =MAX(0,C22-D22) -> 367500 | F22: =E22*Rates!B8 -> 14700 | G22: =ROUND(E22,0)+ROUND(F22,0) -> 382200 | H22: 799999 | I22: =MAX(0,A22-Rates!B3-H22) -> 1850001 | J22: =MAX(0,I22-Rates!B22)*Rates!B36+MAX(0,I22-Rates!B23)*Rates!B37+MAX(0,I22-Rates!B24)*Rates!B38 -> 367500.3 | K22: =IF(AND(1=1,I22<=Rates!B6),MIN(J22,Rates!B7),0) -> 0 | L22: =MAX(0,J22-K22) -> 367500.3 | M22: =L22*Rates!B8 -> 14700.012 | N22: =ROUND(L22,0)+ROUND(M22,0) -> 382200
A23: 2800000 | B23: =MAX(0,A23-Rates!B2) -> 2725000 | C23: =MAX(0,B23-Rates!B16)*Rates!B35+MAX(0,B23-Rates!B17)*Rates!B35+MAX(0,B23-Rates!B18)*Rates!B35+MAX(0,B23-Rates!B19)*Rates!B35+MAX(0,B23-Rates!B20)*Rates!B35+MAX(0,B23-Rates!B21)*Rates!B35 -> 397500 | D23: =IF(OR(1<>1,C23<=0),0,IF(B23<=Rates!B4,MIN(C23,Rates!B5),IF(C23>B23-Rates!B4,C23-(B23-Rates!B4),0))) -> 0 | E23: =MAX(0,C23-D23) -> 397500 | F23: =E23*Rates!B8 -> 15900 | G23: =ROUND(E23,0)+ROUND(F23,0) -> 413400 | H23: 799999 | I23: =MAX(0,A23-Rates!B3-H23) -> 1950001 | J23: =MAX(0,I23-Rates!B22)*Rates!B36+MAX(0,I23-Rates!B23)*Rates!B37+MAX(0,I23-Rates!B24)*Rates!B38 -> 397500.3 | K23: =IF(AND(1=1,I23<=Rates!B6),MIN(J23,Rates!B7),0) -> 0 | L23: =MAX(0,J23-K23) -> 397500.3 | M23: =L23*Rates!B8 -> 15900.012 | N23: =ROUND(L23,0)+ROUND(M23,0) -> 413400
A24: 2900000 | B24: =MAX(0,A24-Rates!B2) -> 2825000 | C24: =MAX(0,B24-Rates!B16)*Rates!B35+MAX(0,B24-Rates!B17)*Rates!B35+MAX(0,B24-Rates!B18)*Rates!B35+MAX(0,B24-Rates!B19)*Rates!B35+MAX(0,B24-Rates!B20)*Rates!B35+MAX(0,B24-Rates!B21)*Rates!B35 -> 427500 | D24: =IF(OR(1<>1,C24<=0),0,IF(B24<=Rates!B4,MIN(C24,Rates!B5),IF(C24>B24-Rates!B4,C24-(B24-Rates!B4),0))) -> 0 | E24: =MAX(0,C24-D24) -> 427500 | F24: =E24*Rates!B8 -> 17100 | G24: =ROUND(E24,0)+ROUND(F24,0) -> 444600 | H24: 799999 | I24: =MAX(0,A24-Rates!B3-H24) -> 2050001 | J24: =MAX(0,I24-Rates!B22)*Rates!B36+MAX(0,I24-Rates!B23)*Rates!B37+MAX(0,I24-Rates!B24)*Rates!B38 -> 427500.3 | K24: =IF(AND(1=1,I24<=Rates!B6),MIN(J24,Rates!B7),0) -> 0 | L24: =MAX(0,J24-K24) -> 427500.3 | M24: =L24*Rates!B8 -> 17100.012 | N24: =ROUND(L24,0)+ROUND(M24,0) -> 444600
A25: 3000000 | B25: =MAX(0,A25-Rates!B2) -> 2925000 | C25: =MAX(0,B25-Rates!B16)*Rates!B35+MAX(0,B25-Rates!B17)*Rates!B35+MAX(0,B25-Rates!B18)*Rates!B35+MAX(0,B25-Rates!B19)*Rates!B35+MAX(0,B25-Rates!B20)*Rates!B35+MAX(0,B25-Rates!B21)*Rates!B35 -> 457500 | D25: =IF(OR(1<>1,C25<=0),0,IF(B25<=Rates!B4,MIN(C25,Rates!B5),IF(C25>B25-Rates!B4,C25-(B25-Rates!B4),0))) -> 0 | E25: =MAX(0,C25-D25) -> 457500 | F25: =E25*Rates!B8 -> 18300 | G25: =ROUND(E25,0)+ROUND(F25,0) -> 475800 | H25: 799999 | I25: =MAX(0,A25-Rates!B3-H25) -> 2150001 | J25: =MAX(0,I25-Rates!B22)*Rates!B36+MAX(0,I25-Rates!B23)*Rates!B37+MAX(0,I25-Rates!B24)*Rates!B38 -> 457500.3 | K25: =IF(AND(1=1,I25<=Rates!B6),MIN(J25,Rates!B7),0) -> 0 | L25: =MAX(0,J25-K25) -> 457500.3 | M25: =L25*Rates!B8 -> 18300.012 | N25: =ROUND(L25,0)+ROUND(M25,0) -> 475800

Sheet Rates
A1: Figure | B1: Value
A2: New regime standard deduction | B2: 75000
A3: Old regime standard deduction | B3: 50000
A4: New regime rebate income limit | B4: 1200000
A5: New regime rebate cap | B5: 60000
A6: Old regime rebate income limit | B6: 500000
A7: Old regime rebate cap | B7: 12500
A8: Cess rate | B8: 0.04
A9: Section 123 cap | B9: 150000
A10: Section 126 combined ceiling | B10: 100000
A11: Section 124(3) cap | B11: 50000
A12: Section 22(1)(b) cap | B12: 200000
A13: Professional tax cap | B13: 2500
... A39: Super senior rate from the nil band to 10 lakh | B39: 0.2

Sheet Anchors
A1: 1
A3: New regime taxable income at each surcharge line | B3: =Rates!B27 -> 5000000 | C3: =Rates!B28 -> 10000000 | D3: =Rates!B29 -> 20000000 | E3: =Rates!B30 -> 50000000
B4: =MAX(0,B3-Rates!B16)*Rates!B35+MAX(0,B3-Rates!B17)*Rates!B35+MAX(0,B3-Rates!B18)*Rates!B35+MAX(0,B3-Rates!B19)*Rates!B35+MAX(0,B3-Rates!B20)*Rates!B35+MAX(0,B3-Rates!B21)*Rates!B35 -> 1080000 | C4: =MAX(0,C3-Rates!B16)*Rates!B35+MAX(0,C3-Rates!B17)*Rates!B35+MAX(0,C3-Rates!B18)*Rates!B35+MAX(0,C3-Rates!B19)*Rates!B35+MAX(0,C3-Rates!B20)*Rates!B35+MAX(0,C3-Rates!B21)*Rates!B35 -> 2580000 | D4: =MAX(0,D3-Rates!B16)*Rates!B35+MAX(0,D3-Rates!B17)*Rates!B35+MAX(0,D3-Rates!B18)*Rates!B35+MAX(0,D3-Rates!B19)*Rates!B35+MAX(0,D3-Rates!B20)*Rates!B35+MAX(0,D3-Rates!B21)*Rates!B35 -> 5580000 | E4: =MAX(0,E3-Rates!B16)*Rates!B35+MAX(0,E3-Rates!B17)*Rates!B35+MAX(0,E3-Rates!B18)*Rates!B35+MAX(0,E3-Rates!B19)*Rates!B35+MAX(0,E3-Rates!B20)*Rates!B35+MAX(0,E3-Rates!B21)*Rates!B35 -> 14580000
B5: =MAX(0,B4-(IF(OR(Anchors!A1<>1,B4<=0),0,IF(B3<=Rates!B4,MIN(B4,Rates!B5),IF(B4>B3-Rates!B4,B4-(B3-Rates!B4),0))))) -> 1080000 | C5: =MAX(0,C4-(IF(OR(Anchors!A1<>1,C4<=0),0,IF(C3<=Rates!B4,MIN(C4,Rates!B5),IF(C4>C3-Rates!B4,C4-(C3-Rates!B4),0))))) -> 2580000 | D5: =MAX(0,D4-(IF(OR(Anchors!A1<>1,D4<=0),0,IF(D3<=Rates!B4,MIN(D4,Rates!B5),IF(D4>D3-Rates!B4,D4-(D3-Rates!B4),0))))) -> 5580000 | E5: =MAX(0,E4-(IF(OR(Anchors!A1<>1,E4<=0),0,IF(E3<=Rates!B4,MIN(E4,Rates!B5),IF(E4>E3-Rates!B4,E4-(E3-Rates!B4),0))))) -> 14580000
B6: =0 -> 0 | C6: =IF(OR(Rates!B31=0,C5<=0),0,IF(C5+C5*Rates!B31>B5+B6+C3-B3,MAX(0,B5+B6+C3-B3-C5),C5*Rates!B31)) -> 258000 | D6: =IF(OR(Rates!B32=0,D5<=0),0,IF(D5+D5*Rates!B32>C5+C6+D3-C3,MAX(0,C5+C6+D3-C3-D5),D5*Rates!B32)) -> 837000 | E6: =IF(OR(Rates!B33=0,E5<=0),0,IF(E5+E5*Rates!B33>D5+D6+E3-D3,MAX(0,D5+D6+E3-D3-E5),E5*Rates!B33)) -> 3645000
A8: Anchor rebate above uses the regime rule for that block. At these incomes it is zero.
A10: Old regime, under 60 or non-resident | B10: =Rates!B27 -> 5000000 | C10: =Rates!B28 -> 10000000 | D10: =Rates!B29 -> 20000000 | E10: =Rates!B30 -> 50000000
B11: =MAX(0,B10-Rates!B22)*Rates!B36+MAX(0,B10-Rates!B23)*Rates!B37+MAX(0,B10-Rates!B24)*Rates!B38 -> 1312500 | C11: =MAX(0,C10-Rates!B22)*Rates!B36+MAX(0,C10-Rates!B23)*Rates!B37+MAX(0,C10-Rates!B24)*Rates!B38 -> 2812500 | D11: =MAX(0,D10-Rates!B22)*Rates!B36+MAX(0,D10-Rates!B23)*Rates!B37+MAX(0,D10-Rates!B24)*Rates!B38 -> 5812500 | E11: =MAX(0,E10-Rates!B22)*Rates!B36+MAX(0,E10-Rates!B23)*Rates!B37+MAX(0,E10-Rates!B24)*Rates!B38 -> 14812500
B12: =MAX(0,B11-(IF(AND(Anchors!A1=1,B10<=Rates!B6),MIN(B11,Rates!B7),0))) -> 1312500 | C12: =MAX(0,C11-(IF(AND(Anchors!A1=1,C10<=Rates!B6),MIN(C11,Rates!B7),0))) -> 2812500 | D12: =MAX(0,D11-(IF(AND(Anchors!A1=1,D10<=Rates!B6),MIN(D11,Rates!B7),0))) -> 5812500 | E12: =MAX(0,E11-(IF(AND(Anchors!A1=1,E10<=Rates!B6),MIN(E11,Rates!B7),0))) -> 14812500
B13: =0 -> 0 | C13: =IF(OR(Rates!B31=0,C12<=0),0,IF(C12+C12*Rates!B31>B12+B13+C10-B10,MAX(0,B12+B13+C10-B10-C12),C12*Rates!B31)) -> 281250 | D13: =IF(OR(Rates!B32=0,D12<=0),0,IF(D12+D12*Rates!B32>C12+C13+D10-C10,MAX(0,C12+C13+D10-C10-D12),D12*Rates!B32)) -> 871875 | E13: =IF(OR(Rates!B33=0,E12<=0),0,IF(E12+E12*Rates!B33>D12+D13+E10-D10,MAX(0,D12+D13+E10-D10-E12),E12*Rates!B33)) -> 3703125
A16: Old regime, resident aged 60 to 79 | B16: =Rates!B27 -> 5000000 | C16: =Rates!B28 -> 10000000 | D16: =Rates!B29 -> 20000000 | E16: =Rates!B30 -> 50000000
B17: =MAX(0,B16-Rates!B25)*Rates!B36+MAX(0,B16-Rates!B23)*Rates!B37+MAX(0,B16-Rates!B24)*Rates!B38 -> 1310000 | C17: =MAX(0,C16-Rates!B25)*Rates!B36+MAX(0,C16-Rates!B23)*Rates!B37+MAX(0,C16-Rates!B24)*Rates!B38 -> 2810000 | D17: =MAX(0,D16-Rates!B25)*Rates!B36+MAX(0,D16-Rates!B23)*Rates!B37+MAX(0,D16-Rates!B24)*Rates!B38 -> 5810000 | E17: =MAX(0,E16-Rates!B25)*Rates!B36+MAX(0,E16-Rates!B23)*Rates!B37+MAX(0,E16-Rates!B24)*Rates!B38 -> 14810000
B18: =MAX(0,B17-(IF(AND(Anchors!A1=1,B16<=Rates!B6),MIN(B17,Rates!B7),0))) -> 1310000 | C18: =MAX(0,C17-(IF(AND(Anchors!A1=1,C16<=Rates!B6),MIN(C17,Rates!B7),0))) -> 2810000 | D18: =MAX(0,D17-(IF(AND(Anchors!A1=1,D16<=Rates!B6),MIN(D17,Rates!B7),0))) -> 5810000 | E18: =MAX(0,E17-(IF(AND(Anchors!A1=1,E16<=Rates!B6),MIN(E17,Rates!B7),0))) -> 14810000
B19: =0 -> 0 | C19: =IF(OR(Rates!B31=0,C18<=0),0,IF(C18+C18*Rates!B31>B18+B19+C16-B16,MAX(0,B18+B19+C16-B16-C18),C18*Rates!B31)) -> 281000 | D19: =IF(OR(Rates!B32=0,D18<=0),0,IF(D18+D18*Rates!B32>C18+C19+D16-C16,MAX(0,C18+C19+D16-C16-D18),D18*Rates!B32)) -> 871500 | E19: =IF(OR(Rates!B33=0,E18<=0),0,IF(E18+E18*Rates!B33>D18+D19+E16-D16,MAX(0,D18+D19+E16-D16-E18),E18*Rates!B33)) -> 3702500
A22: Old regime, resident aged 80 or older | B22: =Rates!B27 -> 5000000 | C22: =Rates!B28 -> 10000000 | D22: =Rates!B29 -> 20000000 | E22: =Rates!B30 -> 50000000
B23: =MAX(0,B22-Rates!B26)*Rates!B39+MAX(0,B22-Rates!B24)*Rates!B38 -> 1300000 | C23: =MAX(0,C22-Rates!B26)*Rates!B39+MAX(0,C22-Rates!B24)*Rates!B38 -> 2800000 | D23: =MAX(0,D22-Rates!B26)*Rates!B39+MAX(0,D22-Rates!B24)*Rates!B38 -> 5800000 | E23: =MAX(0,E22-Rates!B26)*Rates!B39+MAX(0,E22-Rates!B24)*Rates!B38 -> 14800000
B24: =MAX(0,B23-(IF(AND(Anchors!A1=1,B22<=Rates!B6),MIN(B23,Rates!B7),0))) -> 1300000 | C24: =MAX(0,C23-(IF(AND(Anchors!A1=1,C22<=Rates!B6),MIN(C23,Rates!B7),0))) -> 2800000 | D24: =MAX(0,D23-(IF(AND(Anchors!A1=1,D22<=Rates!B6),MIN(D23,Rates!B7),0))) -> 5800000 | E24: =MAX(0,E23-(IF(AND(Anchors!A1=1,E22<=Rates!B6),MIN(E23,Rates!B7),0))) -> 14800000
B25: =0 -> 0 | C25: =IF(OR(Rates!B31=0,C24<=0),0,IF(C24+C24*Rates!B31>B24+B25+C22-B22,MAX(0,B24+B25+C22-B22-C24),C24*Rates!B31)) -> 280000 | D25: =IF(OR(Rates!B32=0,D24<=0),0,IF(D24+D24*Rates!B32>C24+C25+D22-C22,MAX(0,C24+C25+D22-C22-D24),D24*Rates!B32)) -> 870000 | E25: =IF(OR(Rates!B33=0,E24<=0),0,IF(E24+E24*Rates!B33>D24+D25+E22-D22,MAX(0,D24+D25+E22-D22-E24),E24*Rates!B33)) -> 3700000

Sheet Notes
A1: Finfod old vs new tax regime workbook for FY 2026-27 (AY 2027-28).
A2: Figures checked 28 October 2026 against the Income-tax Act, 2025 as amended by the Finance Act, 2026.
A3: The Calculator sheet is formulas. Change the inputs in column B. Do not type over a formula.
A4: Age 0 is under 60. Age 1 is 60 to 79. Age 2 is 80 or older. A non-resident uses the under-60 old slabs and gets no rebate.
A5: Section 126 uses one combined ceiling of ₹1,00,000. It does not split the ₹25,000 and ₹50,000 health-insurance limits.
A6: Employer NPS and professional tax are subtracted before the slab tax, without rounding those amounts first.
A7: Tax, surcharge and cess are rounded separately, then added. That matches the calculator on finfod.com.
A8: Surcharge marginal relief uses the tax at ₹50 lakh, ₹1 crore, ₹2 crore and, in the old regime, ₹5 crore. Those anchor cells are formulas too.
A9: The new regime surcharge stops at 25 percent. The old regime uses 37 percent only above ₹5 crore.
A10: The Breakeven sheet is a salaried resident under 60, with no employer NPS. Column H is the smallest whole-rupee old-regime deduction, other than the standard deduction, that makes old-regime tax no higher than new-regime tax. Those cells are values from the same search the website uses. The tax columns beside them are formulas.
A11: Salaries on that sheet stay under the surcharge line. The Calculator sheet still applies surcharge when income crosses it.
A12: This is a learning sheet, not a filed return.
